 Dungeon Sprint DCSS version 0.26-a0-660-gc07710193c (webtiles) character file.

Game seed: 5230624859831301685

10006 mhtbhm the Earth Mage (level 11, -5/59 HPs)
             Began as a Gargoyle Earth Elementalist on Oct 6, 2020.
             Was the Champion of Vehumet.
             Shot with a bolt by a yaktaur (16 damage)
             ... in the Dungeon (Sprint V: "Ziggurat Sprint").
             The game lasted 00:09:43 (1268 turns).

mhtbhm the Earth Mage (Gargoyle Earth Elementalist) Turns: 1268, Time: 00:09:44

Health: -5/59      AC: 16    Str: 12    XL:     11   Next: 55%
Magic:  12/29      EV: 16    Int: 31    God:    Vehumet [******]
Gold:   0          SH:  0    Dex: 13    Spells: 21/39 levels left

rFire    . . .     SeeInvis .   E - staff of earth
rCold    . . .     Faith    .   (no shield)
rNeg     + . .     Spirit   .   c - +2 robe
rPois    ∞         Reflect  .   (no helmet)
rElec    +         Harm     .   H - +0 cloak
rCorr    .         Rampage  .   G - +2 pair of gloves {Dex+3}
MR       .....     NoTele   +   (no boots)
Stlth    +++.......             (no amulet)
HPRegen  0.19/turn              A - +6 ring of intelligence
MPRegen  0.21/turn              B - +6 ring of intelligence

@: no status effects
A: negative energy resistance 1, electricity resistance, unbreathing,
petrification resistance, rot immunity, AC +8
a: Renounce Religion


You were in the Dungeon.
You worshipped Vehumet.
Vehumet was exalted by your worship.
You visited 1 branch

Inventory:

Armour
 c - a +2 robe (worn)
 G - a +2 pair of gloves of dexterity (worn)
 H - a +0 cloak (worn)
Magical Staves
 j - an uncursed staff of conjuration
 E - an uncursed staff of earth (weapon)
Jewellery
 x - an uncursed ring of fire
 A - a +6 ring of intelligence (left hand)
 B - a +6 ring of intelligence (right hand)
 C - an uncursed amulet of faith
 D - the ring of the Coward {MP+9 Dex+3}
   (You found it in the Dungeon)

   [ring of magical power]

   It affects your dexterity (+3).
   It affects your magic capacity (+9).
 F - the ring "Kapnej" {Fire rPois rN+ Str+5 Int+3}
   (You found it in the Dungeon)

   [ring of fire]

   It enhances your fire magic.
   It affects your strength (+5).
   It affects your intelligence (+3).
   It protects you from fire.
   It makes you vulnerable to cold.
   It protects you from poison.
   It protects you from negative energy.
 I - an uncursed ring of wizardry
Wands
 u - a wand of disintegration (7)
 v - a wand of iceblast (6)
 w - a wand of acid (2)
Scrolls
 b - a scroll of brand weapon
 i - 4 scrolls of blinking
 o - 4 scrolls of amnesia
 p - 7 scrolls of fog
 q - a scroll of holy word
 r - 5 scrolls of identify
 s - 5 scrolls of remove curse
 t - 2 scrolls of fear
Potions
 a - 2 potions of brilliance
 d - 10 potions of curing
 e - a potion of heal wounds
 f - 6 potions of haste
 g - 3 potions of magic
 h - 3 potions of berserk rage
 k - 4 potions of resistance
 m - 5 potions of stabbing
 n - 6 potions of might
Miscellaneous
 l - a phantom mirror
 y - a box of beasts (3/3)
 z - a condenser vane (2/2)
 J - a tin of tremorstones (3/3)


   Skills:
 + Level 2.8 Fighting
 + Level 3.2 Staves
 + Level 6.8 Dodging
 - Level 6.7 Stealth
 + Level 14.7 Spellcasting
 + Level 6.3 Conjurations
 + Level 4.8 Transmutations
 + Level 19.4 Earth Magic
 - Level 2.0 Evocations


You had 21 spell levels left.
You knew the following spells:

 Your Spells              Type           Power        Failure   Level
a - Sandblast             Erth           ######       0%          1
b - Passwall              Tmut/Erth      #######.     1%          2
c - Stone Arrow           Conj/Erth      ######       1%          3
d - Lee's Rapid Deconstr  Erth           ########..   0%          5
e - Petrify               Tmut/Erth      #######.     1%          4
f - Inner Flame           Hex/Fire       ###.....     1%          3

Your spell library contained the following spells:

 Spells                   Type           Power        Failure   Level
 Ozocubu's Refrigeration  Ice            ###.......   58%         6
 Animate Skeleton         Necr           ###...       1%          1
 Foxfire                  Conj/Fire      ####         1%          1
 Conjure Flame            Conj/Fire      #####...     1%          3
 Mephitic Cloud           Conj/Pois/Air  #####...     1%          3
 Static Discharge         Conj/Air       #####...     1%          3
 Borgnjor's Vile Clutch   Necr/Erth      #######...   1%          5
 Irradiate                Conj/Tmut      ######....   1%          5
 Blink                    Tloc           N/A          3%          2
 Poisonous Vapours        Pois/Air       ###...       3%          2
 Olgreb's Toxic Radiance  Pois           ###.....     5%          4
 Gell's Gravitas          Tloc           ###.......   6%          3
 Lesser Beckoning         Tloc           ###.......   6%          3
 Teleport Other           Tloc           ###.....     6%          3
 Passage of Golubria      Tloc           N/A          21%         4
 Conjure Ball Lightning   Conj/Air       #####.....   21%         6
 Freezing Cloud           Conj/Ice/Air   #####.....   32%         6
 Hydra Form               Tmut           ######....   38%         6
 Eringya's Noxious Bog    Tmut/Pois      #####.....   75%         6
 Dragon Form              Tmut           ######....   93%         7
 Haunt                    Necr/Summ      ###.......   100%        7
 Borgnjor's Revivificati  Necr           ###.......   100%        8
 Infestation              Necr           ###.......   100%        8
 Necromutation            Tmut/Necr      #####.....   100%        8
 Death's Door             Necr           ###.......   100%        9
 Statue Form              Tmut/Erth      Unusable     N/A         6

Dungeon Overview and Level Annotations

Branches:
Dungeon (1/1)

Altars:
Ashenzari
Cheibriados
Dithmenos
Elyvilon
Fedhas
Gozag
Hepliaklqana
Kikubaaqudgha
Makhleb
Nemelex Xobeh
Okawaru
Qazlal
Ru
Sif Muna
Trog
Uskayaw
Vehumet
Wu Jian
Xom
Yredelemnul
Zin
The Shining One
Beogh
Jiyva
Lugonu


Innate Abilities, Weirdness & Mutations

You are resistant to torment.
Your stone body is resilient. (AC +8)
You are immune to poison.
You resist negative energy. (rN+)
You are resistant to electric shocks. (rElec)
You can survive without breathing.
You are immune to petrification.
You are immune to rotting.


Message History

Confirm with . or Enter, or press ? or * to list all spells.
Aiming: Lee's Rapid Deconstruction (safe; 0% risk of failure)
Press: ? - help, Dir - move target cursor, f/p - yaktaur Fragment what (e.g. wall or brittle monster)?: a yaktaur, quivering 24 bolts (severely wounded, petrifying slowly)
You feel a surge of power!
The yaktaur shatters!!
You blow up the yaktaur!
Vehumet accepts your kill.
You feel your power returning.
The blast of petrified fragments hits the centaur!!!
You kill the centaur!
Vehumet accepts your kill.
Vehumet offers you knowledge of Ozocubu's Refrigeration.
The blast of petrified fragments hits the centaur!!!
You kill the centaur!
Vehumet accepts your kill.
You feel your power returning.
The centaur warrior shoots an arrow.
The arrow barely misses you.
The yaktaur shoots a bolt.
The bolt hits you!!
* * * LOW HITPOINT WARNING * * *
The yaktaur wields a +0 arbalest.
The yaktaur shoots a bolt.
The bolt hits you!
You die...

▓..):)[|..▓
▓...::=?..▓
▓.........▓
▓....ccc..▓
▓....).c..▓
▓....))c..▓
▓.▓.....▓.▓
▓....@....▓
▓▓▓▓▓▓▓▓▓▓▓


You could see a centaur warrior and 4 yaktaurs.

Vanquished Creatures
  A very ugly thing (D)
  A green draconian (D)
  Erica (D)
  A sixfirhy (D)
  4 deep elf magi (D)
  A worldbinder (D)
  A cyclops (D)
  2 draconians (D)
  A naga mage (D)
  A yaktaur (D)
  Sigmund (D)
  A fire elemental (D)
  A chaos spawn (D)
  Edmund (D)
  A water moccasin (D)
  Duvessa (D)
  2 orc warriors (D)
  A wolf (D)
  2 centaurs (D)
  A bullfrog (D)
  Blork the orc (D)
  Dowan (D)
  A jelly (D)
  2 quasits (D)
  3 orc priests (D)
  Crazy Yiuf (D)
  Jessica (D)
  An adder (D)
  2 river rats (D)
  2 white imps (D)
  An ufetubus (D)
  An ooze (D)
  An orc (D)
  2 bat skeletons (D)
  3 ball pythons (D)
49 creatures vanquished.

Notes
Turn   | Place    | Note
-------+----------+-------------------------------------------
     0 | D        | mhtbhm the Gargoyle Earth Elementalist began the quest for
                  | the Orb.
     0 | D        | Reached XP level 1. HP: 10/10 MP: 3/3
     0 | D        | Found a blossoming altar of Fedhas.
     1 | D        | Found the +6 Majin-Bo {vamp, MP+6 Int+6}
     1 | D        | Found the +9 heavy crossbow "Sniper" {vorpal, Acc+∞ SInv}
     1 | D        | Found the +10 dark maul {vorpal}
     1 | D        | Found the +15 Maxwell's patent armour {-Cast -Tele rElec
                  | MR+ rCorr}
     1 | D        | Found the +18 shield of the Gong {rElec rN+ MR+ EV-5}
     1 | D        | Found the cursed +14 obsidian axe {vorpal, +Fly SInv
                  | *Curse}
     1 | D        | Found the +7 great mace "Firestarter" {inner flame, rF++}
     1 | D        | Found the +6 shillelagh "Devastator" {shatter}
     1 | D        | Found the +11 plutonium sword {*Contam Stlth-}
     1 | D        | Found the +8 lance "Wyrmbane" {slay drac, rPois rF+ rC+
                  | AC+3}
     1 | D        | Found the +9 sword of Zonguldrok {reap}
     1 | D        | Found the cursed +13 scythe of Curses {drain, *Curse}
     1 | D        | Found the +0 sword of Power
     1 | D        | Found the +7 mace of Variability {chain chaos}
     1 | D        | Found the +7 Singing Sword {vorpal, sonic wave}
     1 | D        | Found the +8 storm bow {elec, penet}
     1 | D        | Found a shimmering blue altar of Sif Muna.
     1 | D        | Found a sacrificial altar of Ru.
     1 | D        | Found a bloodstained altar of Trog.
     1 | D        | Found a stormy altar of Qazlal.
     1 | D        | Found an iron altar of Okawaru.
     1 | D        | Found a sparkling altar of Nemelex Xobeh.
     3 | D        | Found a transporter.
     3 | D        | Found an ancient bone altar of Kikubaaqudgha.
     3 | D        | Found a viscous altar of Jiyva.
     3 | D        | Found a corrupted altar of Lugonu.
     3 | D        | Found a hazy altar of Hepliaklqana.
     3 | D        | Found a burning altar of Makhleb.
     3 | D        | Found an opulent altar of Gozag.
    46 | D        | Became a worshipper of Vehumet
    66 | D        | Entered arena 2.
    66 | D        | Noticed a jelly
    66 | D        | Found a transporter.
    69 | D        | Killed a jelly
    69 | D        | Reached skill level 6 in Earth Magic
    69 | D        | Reached XP level 2. HP: 15/15 MP: 0/6
    69 | D        | Reached XP level 3. HP: 19/19 MP: 0/7
    85 | D        | Learned a level 2 spell: Passwall
    89 | D        | Learned a level 3 spell: Stone Arrow
   156 | D        | Entered arena 3.
   156 | D        | Noticed a green draconian
   156 | D        | Noticed a draconian
   156 | D        | Noticed a draconian
   156 | D        | Found a transporter.
   163 | D        | Killed a green draconian
   163 | D        | Reached * piety under Vehumet
   163 | D        | Offered knowledge of Magic Dart by Vehumet.
   163 | D        | Reached skill level 1 in Fighting
   163 | D        | Reached skill level 5 in Dodging
   163 | D        | Reached skill level 14 in Earth Magic
   163 | D        | Reached XP level 4. HP: 24/25 MP: 2/14
   163 | D        | Reached XP level 5. HP: 28/29 MP: 2/16
   163 | D        | Reached XP level 6. HP: 33/34 MP: 2/17
   163 | D        | Reached XP level 7. HP: 37/38 MP: 2/19
   163 | D        | Reached XP level 8. HP: 42/43 MP: 2/20
   194 | D        | Killed a draconian
   194 | D        | Reached skill level 1 in Conjurations
   194 | D        | Reached skill level 15 in Earth Magic
   206 | D        | Killed a draconian
   206 | D        | Reached skill level 10 in Spellcasting
   206 | D        | Reached XP level 9. HP: 26/48 MP: 9/23
   213 | D        | Learned a level 5 spell: Lee's Rapid Deconstruction
   218 | D        | Learned a level 4 spell: Petrify
   342 | D        | Reached skill level 16 in Earth Magic
   342 | D        | Reached XP level 10. HP: 53/53 MP: 24/24
   343 | D        | Entered arena 4.
   343 | D        | Found a transporter.
   344 | D        | Reached ** piety under Vehumet
   344 | D        | Offered knowledge of Foxfire by Vehumet.
   400 | D        | Entered arena 5.
   400 | D        | Found a transporter.
   401 | D        | Reached *** piety under Vehumet
   597 | D        | Got the Collected Works on Noxious Stolen Souls
   604 | D        | Entered arena 6.
   604 | D        | Noticed a deep elf mage
   604 | D        | Noticed a deep elf mage
   604 | D        | Noticed a deep elf mage
   604 | D        | Noticed a deep elf mage
   604 | D        | Found a transporter.
   605 | D        | Noticed a sixfirhy
   605 | D        | Killed a deep elf mage
   605 | D        | Offered knowledge of Inner Flame by Vehumet.
   605 | D        | Reached **** piety under Vehumet
   606 | D        | Killed a deep elf mage
   606 | D        | Reached skill level 17 in Earth Magic
   606 | D        | Reached skill level 1 in Evocations
   609 | D        | Killed a deep elf mage
   609 | D        | Reached skill level 5 in Conjurations
   623 | D        | Killed a deep elf mage
   623 | D        | Reached skill level 1 in Transmutations
   832 | D        | Learned a level 3 spell: Inner Flame
   836 | D        | Entered arena 7.
   841 | D        | Offered knowledge of Fulminant Prism by Vehumet.
   841 | D        | Reached ***** piety under Vehumet
   843 | D        | Found a transporter.
   912 | D        | Entered arena 8.
   912 | D        | Noticed a naga mage
   915 | D        | Killed a naga mage
   922 | D        | Found a transporter.
   928 | D        | Got the Grimoire of Confrontation
  1021 | D        | Entered arena 9.
  1021 | D        | Noticed a worldbinder
  1021 | D        | Noticed a sixfirhy
  1021 | D        | Noticed a brown very ugly thing
  1022 | D        | Offered knowledge of Lightning Bolt by Vehumet.
  1022 | D        | Reached ****** piety under Vehumet
  1023 | D        | Killed a sixfirhy
  1023 | D        | Reached skill level 18 in Earth Magic
  1023 | D        | Reached XP level 11. HP: 59/59 MP: 26/28
  1027 | D        | Killed a brown very ugly thing
  1031 | D        | Killed a worldbinder
  1096 | D        | Found a transporter.
  1106 | D        | Got the ring of the Coward {MP+9 Dex+3}
  1108 | D        | Got the ring "Kapnej" {Fire rPois rN+ Str+5 Int+3}
  1129 | D        | Entered arena 10.
  1129 | D        | Noticed Sigmund
  1129 | D        | Noticed Jessica
  1129 | D        | Noticed Blork the orc
  1129 | D        | Noticed Crazy Yiuf
  1129 | D        | Noticed Dowan
  1129 | D        | Noticed Duvessa
  1129 | D        | Noticed Edmund
  1129 | D        | Noticed Erica
  1131 | D        | Killed Jessica
  1131 | D        | Offered knowledge of Hailstorm by Vehumet.
  1131 | D        | Killed Edmund
  1132 | D        | Killed Duvessa
  1132 | D        | Killed Sigmund
  1134 | D        | Killed Dowan
  1143 | D        | Killed Blork the orc
  1145 | D        | Killed Crazy Yiuf
  1154 | D        | Killed Erica
  1154 | D        | Reached skill level 19 in Earth Magic
  1185 | D        | Found a transporter.
  1262 | D        | Entered arena 11.
  1262 | D        | Noticed a cyclops
  1262 | D        | Noticed a centaur warrior
  1266 | D        | Killed a cyclops
  1268 | D        | Offered knowledge of Ozocubu's Refrigeration by Vehumet.
  1268 | D        | Shot with a bolt by a yaktaur

Illustrated notes

Levels and vault maps discovered:
D:        sprint_v [room_start, room_1, room_2, room_3, room_4, room_5, room_6,
          room_7, room_8, room_9, room_10, room_11, room_12, room_13, room_14,
          room_15, room_16, room_17, room_18, room_19, room_20, room_21,
          room_22, room_23, room_24, room_25, room_26, room_27]

Skill      XL: |  1  2  3  4  5  6  7  8  9 10 11 |
---------------+----------------------------------+-----
Dodging        | 2 5 6 |  6.8
Stealth        | 3 6 |  6.7
Spellcasting   | 3 8 10 13 14 | 14.7
Earth Magic    | 6 14 15 16 18 19 | 19.4
Fighting       | 1 2 |  2.8
Conjurations   | 2 4 5 6 |  6.3
Staves         | 3 |  3.2
Evocations     | 1 2 |  2.0
Transmutations | 2 4 |  4.8

Action                   |  1- 3 |  4- 6 |  7- 9 | 10-12 || total
-------------------------+-------+-------+-------+-------++-------
Melee: Staff             |       |       |       |     6 ||     6
 Cast: Sandblast         |     8 |       |    22 |       ||    30
       Stone Arrow       |       |       |     9 |    17 ||    26
       Petrify           |       |       |       |    19 ||    19
       Lee's Rapid Decon |       |       |       |    15 ||    15
Evoke: Wand              |     1 |       |     1 |     4 ||     6
       Condenser vane    |       |       |       |     2 ||     2
  Use: Potion            |     1 |       |    10 |     5 ||    16
Armor: Robe              |       |       |     2 |    14 ||    16
Dodge: Dodged            |     4 |       |    25 |    37 ||    66

Table legend: (Time is in decaauts)
 A = Elapsed time spent in this place.
 B = Non-inter-level travel time spent in this place.
 C = Inter-level travel time spent in this place.
 D = Time resting spent in this place.
 E = Time spent auto-exploring this place.
 F = Levels seen in this place.
 G = Mean time per level.
                   A        B        C        D        E       F      G
               +--------+--------+--------+--------+--------+-----+--------+
         Total |   1266 |   1266 |      0 |    794 |      0 |   1 | 1266.0 |
       Dungeon |   1266 |   1266 |      0 |    794 |      0 |   1 | 1266.0 |
               +--------+--------+--------+--------+--------+-----+--------+

Top non-repeatable levels by time:
       D: 1266 daAuts
